 Dungeon Crawl Stone Soup version 0.31-a0-948-gf5be29c462 (webtiles) character file.

Game seed: 1048876961205843135

105 felon88 the Trooper (level 4, -3/41 HPs)
             Began as a Minotaur Berserker on Oct 21, 2023.
             Was a Believer of Trog.
             Succumbed to their own poison gas
             ... on level 3 of the Dungeon.
             The game lasted 00:29:15 (1343 turns).

felon88 the Trooper (Minotaur Berserker)            Turns: 1343, Time: 00:29:16

Health: -3/41      AC: 11    Str: 24    XL:     4   Next: 53%
Magic:  3/3        EV:  7    Int:  4    God:    Trog [**....]
Gold:   118        SH:  0    Dex:  9    Spells: 3/3 levels left

rFire   . . .        C - +0 trident
rCold   . . .        (no shield)
rNeg    . . .        f - +0 plate armour
rPois   .            (helmet restricted)
rElec   .            (no cloak)
rCorr   .            (no gloves)
SInv    .            (no boots)
Will    .....        (no amulet) Stlth
                     (no ring)
HPRegen 0.26/turn    (no ring)
MPRegen 0.08/turn

%: no passive effects
@: brilliant, lethally poisoned (-3 -> -36)
A: horns 2, retaliatory headbutt
a: Renounce Religion, Berserk, Trog's Hand


You were on level 3 of the Dungeon.
You worshipped Trog.
Trog was pleased with you.
You visited 1 branch of the dungeon, and saw 3 of its levels.

You collected 118 gold pieces.

Inventory:

Hand Weapons
 a - a +0 falchion
 e - a +1 vampiric dagger
 i - a +0 spear
 j - a +0 club
 k - a +0 dagger
 C - a +0 trident (weapon)
Missiles
 n - 26 stones
 p - a throwing net
 q - 4 poisoned darts
Armour
 b - a +0 animal skin
 d - a +0 leather armour
 f - a +0 plate armour (worn)
 A - a +0 ring mail
 B - a +0 leather armour
 D - a +0 scale mail
Jewellery
 r - a ring of wizardry
Talismans
 s - a serpent talisman
Scrolls
 c - a scroll of summoning {unknown}
 l - a scroll of noise {unknown}
 m - a scroll of enchant armour {unknown}
 t - a scroll of fog {unknown}
 u - a scroll of poison
 v - a scroll of identify {unknown}
 y - a scroll of fear {unknown}
 z - a scroll of vulnerability {unknown}
Potions
 g - a potion of haste {unknown}
 h - a potion of brilliance
 o - 2 potions of degeneration {unknown}
 w - a potion of enlightenment {unknown}
 x - a potion of might {unknown}


   Skills:
 + Level 4.5 Fighting
 - Level 4.4 Long Blades
 + Level 2.2 Polearms
 * Level 3.2 Armour
 + Level 2.6 Dodging
 + Level 0.1 Stealth


You had 3 spell levels left.
You didn't know any spells.
Your spell library was empty.

Dungeon Overview and Level Annotations

Branches:
Dungeon (3/15)

Altars:
Hepliaklqana
Okawaru

Shops:
D:1 (

Annotations:
D:1 4 exclusions


Innate Abilities, Weirdness & Mutations

You have a pair of horns on your head.
You reflexively headbutt those who attack you in melee.


Message History

Aim: an orc, wielding a +0 hand axe and wearing a +0 chain mail (about 36% to evade your +0 trident)
You hit the orc but do no damage. The orc hits you with a +0 hand axe. x2
You hit the orc but do no damage. Your headbutt misses the orc.
The orc hits you but does no damage.
You barely miss the orc. Your headbutt misses the orc.
The orc hits you but does no damage.
You barely miss the orc. The orc hits you but does no damage.
Reach: C) +0 trident
Press: ? - help, Dir - move target, f/p - orc
Aim: an orc, wielding a +0 hand axe and wearing a +0 chain mail (about 36% to evade your +0 trident)
You hit the orc but do no damage. The orc hits you but does no damage.
You hit the orc but do no damage. The orc hits you but does no damage. x2
You barely miss the orc. The orc hits you but does no damage.
You hit the orc. Your headbutt misses the orc.
The orc is almost dead.
The orc barely misses you.
You closely miss the orc. You headbutt the orc.
You kill the orc!
Trog accepts your kill.
Unknown command.
Unknown command.
The air fills with toxic fumes!
As you read the scroll labelled HUDIBBI NAIMI, it crumbles to dust.
It was a scroll of poison.
Sorry, I don't know how to get there.
Okay, then.
Okay, then.
Okay, then.
It was a potion of brilliance.
You feel clever all of a sudden.
Okay, then.
You are engulfed in poison gas.
You are poisoned.
* * * LOW HITPOINT WARNING * * *
x2 You feel very sick.
You are engulfed in poison gas.
You are more poisoned.
* * * LOW HITPOINT WARNING * * *
You die...

### #..).....§§....
...##.####.#.§§..#
......## #)# §§..#
#......# #.###§#.#
#......# #...§§..#
#......# #####§###
##.....# ##'##
#.....# ##§§§##
####.### ##§§§§@##
.......# ##§§§§§§§##
.......###§§§§§§§§§#
........§§§§§§§§§§§+
....#..###§§§§§§§§§#
.......# ##§§§§§§§§#
.......# ##........
.......# #........#
# ###.####
#†.#####.##.#


There were no monsters in sight!

Vanquished Creatures
  An orc priest (D:3)
  2 worms
  A dart slug (D:1)
  5 orcs (D:3)
  6 endoplasms
  A giant cockroach (D:3)
  6 goblins
  6 hobgoblins
  4 jackals (D:1)
  3 quokkas
  3 ball pythons
  7 bats
  6 kobolds
  5 rats
56 creatures vanquished.

Notes
Turn   | Place    | Note
-------+----------+-------------------------------------------
     0 | D:1      | felon88 the Minotaur Berserker began the quest for the Orb.
     0 | D:1      | Reached XP level 1. HP: 19/19 MP: 0/0
   193 | D:1      | Reached XP level 2. HP: 27/27 MP: 1/1
   387 | D:1      | Reached XP level 3. HP: 28/33 MP: 2/2
   447 | D:1      | Found Vijatu Net's Weapon Emporium.
   683 | D:2      | Reached ** piety under Trog
   897 | D:2      | Found a hazy altar of Hepliaklqana.
  1098 | D:3      | Reached skill level 1 in Polearms
  1168 | D:3      | Found an iron altar of Okawaru.
  1299 | D:3      | Reached XP level 4. HP: 22/41 MP: 3/3
  1343 | D:3      | Succumbed to their own poison gas

Illustrated notes

Levels and vault maps discovered:
D:1:      nicolae_arrival_somewhat_less_tricky_arrival, layout_rooms,
          serial_shops, nicolae_shop_bloodbath_and_beyond
D:2:      layout_rooms, basic_altar
D:3:      layout_loops_corners, mainiacjoe_overflow_concentric_impassable,
          minmay_distorted

Skill      XL: |  1  2  3  4 |
---------------+-------------+-----
Long Blades    | 4 |  4.4
Fighting       | 4 |  4.5
Polearms       | 1 2 |  2.2
Armour         | 3 |  3.2
Dodging        | |  2.6
Stealth        | |  0.1

Action                     |  1- 3 |  4- 6 || total
---------------------------+-------+-------++-------
  Melee: Falchion          |    13 |       ||    13
         Dagger            |    85 |       ||    85
         Headbutt          |    17 |     4 ||    21
         Punch             |     2 |     1 ||     3
         Spear             |    35 |       ||    35
         Trident           |     9 |    27 ||    36
 Invoke: Berserk           |     2 |       ||     2
    Use: Scroll            |       |     1 ||     1
         Potion            |       |     1 ||     1
 Armour: Animal skin       |    10 |       ||    10
         Plate armour      |    90 |    21 ||   111
         Leather armour    |     1 |       ||     1
  Dodge: Dodged            |    55 |     5 ||    60

Table legend: (Time is in decaauts)
 A = Elapsed time spent in this place.
 B = Non-inter-level travel time spent in this place.
 C = Inter-level travel time spent in this place.
 D = Time resting spent in this place.
 E = Time spent auto-exploring this place.
 F = Levels seen in this place.
 G = Mean time per level.
                   A        B        C        D        E       F      G
               +--------+--------+--------+--------+--------+-----+--------+
         Total |   1364 |    520 |    844 |      0 |      0 |   3 |  454.7 |
       Dungeon |   1364 |    520 |    844 |      0 |      0 |   3 |  454.7 |
               +--------+--------+--------+--------+--------+-----+--------+

Top non-repeatable levels by time:
     D:1: 597 daAuts
     D:2: 421 daAuts
     D:3: 345 daAuts
